 Dungeon Crawl Stone Soup version 0.29.0-4-gdea44cf6ec (webtiles) character file.

Game seed: 17084039423131278663

317 qw the Sneak (level 6, -3/38 HPs)
             Began as a Gargoyle Delver on Sept 10, 2022.
             Slain by a gnoll
             ... wielding a +0 spear
              (5 damage)
             ... on level 4 of the Dungeon.
             The game lasted 00:01:48 (4680 turns).

qw the Sneak (Gargoyle Delver)                      Turns: 4680, Time: 00:01:48

Health: -3/38      AC: 10    Str: 24    XL:     6   Next: 44%
Magic:  6/6        EV: 11    Int: 11    God:
Gold:   158        SH:  0    Dex: 11    Spells: 5/5 levels left

rFire   . . .      SeeInvis .   Y - +0 hand axe
rCold   . . .      Faith    .   (no shield)
rNeg    + + .      Spirit   .   h - +0 ring mail
rPois   inf        Reflect  .   (no helmet)
rElec   +          Harm     .   (no cloak)
rCorr   .          Rampage  .   (no gloves)
Will    .....                   b - +0 pair of boots of the Morning Star {rN+ Str+7}
Stlth   ++........              (no amulet)
HPRegen 0.12/turn               (no ring)
MPRegen 0.10/turn               (no ring)

@: no status effects
A: sickness immunity, AC +4, negative energy resistance 1, electricity
resistance, torment resistance 1, petrification resistance
a: no special abilities


You were on level 4 of the Dungeon.
You visited 1 branch of the dungeon, and saw 5 of its levels.

You collected 158 gold pieces.


Innate Abilities, Weirdness & Mutations

You are immune to sickness and miasma.
Your stone body is resilient. (AC +4)
You are immune to poison.
You resist negative energy. (rN+)
You are resistant to electric shocks. (rElec)
You are resistant to unholy torment.
You are immune to petrification.


   Skills:
 - Level 4.2 Fighting
 + Level 5.4 Axes
 - Level 1.1 Armour
 - Level 1.5 Dodging
 - Level 5.4 Stealth


You had 5 spell levels left.
You didn't know any spells.
Your spell library was empty.

Inventory:

Hand Weapons
 d - a +0 flail
 Y - a +0 hand axe (weapon)
Armour
 b - the +0 pair of boots of the Morning Star (worn) {rN+ Str+7}
   (You acquired it on level 3 of the Dungeon)

   Str:       It affects your strength (+7).
   rN:        It protects you from negative energy.
 h - a +0 ring mail (worn)
 j - a +0 chain mail
Jewellery
 c - a ring of fire
Wands
 g - a wand of digging (3)
Scrolls
 a - a scroll of noise {unknown}
Potions
 e - a potion of mutation {unknown}
 f - a potion of haste
 i - a potion of resistance {unknown}
 k - 3 potions of might

Dungeon Overview and Level Annotations

Branches:
Dungeon (5/15)
 Temple: D:4-7

Altars:
Kikubaaqudgha
Uskayaw


Message History

The gnoll hits you but does no damage. The ufetubus hits you.
The ufetubus barely misses you.
You hit the gnoll but do no damage.
The gnoll is severely wounded.
You miss the ufetubus. You hit the gnoll. The gnoll barely misses you.
The gnoll closely misses you. The gnoll barely misses you.
The ufetubus hits you but does no damage.
The ufetubus barely misses you.
You hit the gnoll but do no damage.
The gnoll is almost dead.
You hit the ufetubus but do no damage. You hit the gnoll.
You kill the gnoll!
The ufetubus misses you. The ufetubus barely misses you.
The gnoll hits you but does no damage. The gnoll hits you with a +0 club.
The ufetubus hits you but does no damage. x2
You hit the gnoll.
The gnoll is almost dead.
You hit the ufetubus.
The gnoll hits you but does no damage. x2; The ufetubus hits you.
The ufetubus closely misses you.
You hit the gnoll.
You kill the gnoll!
You closely miss the ufetubus. The ufetubus misses you.
The ufetubus hits you but does no damage.
The gnoll barely misses you.
The ufetubus hits you but does no damage. x2
You hit the ufetubus.
You kill the ufetubus!
The gnoll barely misses you. The gnoll hits you but does no damage.
A ball python comes into view.
The gnoll hits you with a +0 spear.
You barely miss the gnoll. The gnoll barely misses you.
The ball python hisses angrily.
You hit the gnoll.
The gnoll is moderately wounded.
The gnoll hits you with a +0 spear.
You die...

.# .# ##.#
...# #..#
#..# # #gS# #
#@)# #
#.###.)#####.
#
#............
#####..######
#..# #..#
#..#
#########..#
#..........#


You could see a gnoll and a ball python.

Vanquished Creatures
  An orc priest (D:3)
  An iguana (D:4)
  2 orc wizards
  4 gnolls
  9 adders
  An ufetubus (D:4)
  A dart slug (D:1)
  6 orcs
  10 ball pythons
  3 bats (D:2)
  8 endoplasms
  2 giant cockroaches
  7 goblins
  5 hobgoblins
  3 jackals (D:1)
  6 kobolds
  4 quokkas
  8 frilled lizards
  2 rats
83 creatures vanquished.

Vanquished Creatures (others)
  2 fungi (D:4)
2 creatures vanquished.

Grand Total: 85 creatures vanquished

Notes
Turn   | Place    | Note
-------+----------+-------------------------------------------
     0 | D:5      | qw the Gargoyle Delver began the quest for the Orb.
     0 | D:5      | Reached XP level 1. HP: 14/14 MP: 1/1
     0 | D:5      | 0 ||| qw: Version: 0.1-a-116-g5d60599
     0 | D:5      | 0 ||| qw: Game counter: 7807
     0 | D:5      | 0 ||| qw: Always use a shield: true
     0 | D:5      | 0 ||| qw: God list: Okawaru
     0 | D:5      | 0 ||| qw: Allow faded altars: false
     0 | D:5      | 0 ||| qw: Do Orc after D:15 true
     0 | D:5      | 0 ||| qw: Do second Lair branch before Depths: true
     0 | D:5      | 0 ||| qw: Lair rune preference: random
     0 | D:5      | 0 ||| qw: Plans: Normal
     0 | D:5      | 0 ||| PLANNING D:1-11
    34 | D:5      | 34 ||| DROPPING scroll of fog.
    35 | D:5      | 35 ||| DROPPING scroll of magic mapping.
    36 | D:5      | 36 ||| DROPPING scroll of fear.
    61 | D:4      | 61 ||| Stepping ~*~*~tactically~*~*~ (stealth).
    74 | D:4      | 74 ||| Stepping ~*~*~tactically~*~*~ (stealth).
    75 | D:4      | 75 ||| Stepping ~*~*~tactically~*~*~ (stealth).
    77 | D:4      | 77 ||| Stepping ~*~*~tactically~*~*~ (stealth).
    78 | D:4      | 78 ||| Stepping ~*~*~tactically~*~*~ (stealth).
    80 | D:4      | 80 ||| Stepping ~*~*~tactically~*~*~ (stealth).
    85 | D:4      | 85 ||| Stepping ~*~*~tactically~*~*~ (stealth).
    90 | D:4      | 90 ||| Stepping ~*~*~tactically~*~*~ (stealth).
    96 | D:4      | HP: 3/14 [frozen (5)]
   111 | D:4      | 111 ||| Stepping ~*~*~tactically~*~*~ (stealth).
   112 | D:4      | 112 ||| Stepping ~*~*~tactically~*~*~ (stealth).
   146 | D:4      | 146 ||| Stepping ~*~*~tactically~*~*~ (stealth).
   149 | D:4      | 149 ||| Stepping ~*~*~tactically~*~*~ (stealth).
   162 | D:4      | 162 ||| Stepping ~*~*~tactically~*~*~ (stealth).
   170 | D:4      | 170 ||| Stepping ~*~*~tactically~*~*~ (stealth).
   172 | D:4      | 172 ||| Stepping ~*~*~tactically~*~*~ (stealth).
   176 | D:4      | 176 ||| Stepping ~*~*~tactically~*~*~ (stealth).
   188 | D:4      | Reached XP level 2. HP: 10/19 MP: 2/2
   338 | D:4      | Found a hide-covered altar of Uskayaw.
   358 | D:3      | 358 ||| Stepping ~*~*~tactically~*~*~ (stealth).
   536 | D:2      | 536 ||| Stepping ~*~*~tactically~*~*~ (stealth).
   545 | D:2      | 545 ||| UPGRADING to +0 ring mail.
   555 | D:2      | 555 ||| DROPPING +0 leather armour.
   559 | D:2      | 559 ||| Stepping ~*~*~tactically~*~*~ (stealth).
   839 | D:1      | Reached skill level 3 in Axes
   850 | D:1      | Reached XP level 3. HP: 18/23 MP: 3/3
  1459 | D:1      | 1459 ||| Stepping ~*~*~tactically~*~*~ (hiding).
  1561 | D:1      | 1561 ||| Stepping ~*~*~tactically~*~*~ (hiding).
  1663 | D:1      | 1663 ||| Stepping ~*~*~tactically~*~*~ (hiding).
  1765 | D:1      | 1765 ||| Stepping ~*~*~tactically~*~*~ (hiding).
  1766 | D:1      | 1766 ||| Stepping ~*~*~tactically~*~*~ (hiding).
  1864 | D:1      | Found a faded altar of an unknown god.
  1895 | D:1      | 1895 ||| READING scroll labelled NOOKHERECK.
  1896 | D:1      | 1896 ||| READING 2 scrolls labelled YLITES PEBO.
  1897 | D:1      | 1897 ||| READING scroll labelled WUECAL DOQENK.
  1898 | D:1      | 1898 ||| READING scroll labelled ZOREPL KERREN.
  1901 | D:1      | 1901 ||| DRINKING 2 bubbling black potions.
  1902 | D:1      | 1902 ||| DRINKING 2 brown potions.
  1903 | D:1      | 1903 ||| DROPPING scroll of summoning.
  2372 | D:2      | Reached XP level 4. HP: 28/28 MP: 4/4
  2552 | D:2      | 2552 ||| Stepping ~*~*~tactically~*~*~ (stealth).
  2560 | D:2      | 2560 ||| Stepping ~*~*~tactically~*~*~ (stealth).
  2577 | D:2      | Reached skill level 1 in Armour
  2944 | D:2      | 2944 ||| READING scroll labelled IPHOUWNISA.
  2945 | D:2      | 2945 ||| DRINKING 2 orange potions.
  3175 | D:3      | 3175 ||| Stepping ~*~*~tactically~*~*~ (stealth).
  3176 | D:3      | 3176 ||| Stepping ~*~*~tactically~*~*~ (stealth).
  3178 | D:3      | 3178 ||| Stepping ~*~*~tactically~*~*~ (stealth).
  3186 | D:3      | Reached XP level 5. HP: 26/32 MP: 5/5
  3252 | D:3      | 3252 ||| Stepping ~*~*~tactically~*~*~ (stealth).
  3265 | D:3      | 3265 ||| Stepping ~*~*~tactically~*~*~ (stealth).
  3266 | D:3      | 3266 ||| Stepping ~*~*~tactically~*~*~ (stealth).
  3328 | D:3      | 3328 ||| Stepping ~*~*~tactically~*~*~ (hiding).
  3431 | D:3      | 3431 ||| Stepping ~*~*~tactically~*~*~ (hiding).
  3845 | D:3      | 3845 ||| READING scroll labelled UKHLOR NYGG.
  3845 | D:3      | Identified a scroll of acquirement
  3845 | D:3      | 3845 ||| ACQUIRING +0 pair of boots of the Morning Star
                  | {rN+ Str+7}
  3845 | D:3      | Acquired the +0 pair of boots of the Morning Star {rN+
                  | Str+7}
  3847 | D:3      | 3847 ||| UPGRADING to +0 pair of boots of the Morning Star
                  | {rN+ Str+7}.
  3875 | D:4      | 3875 ||| Stepping ~*~*~tactically~*~*~ (hiding).
  3883 | D:4      | 3883 ||| DRINKING potion of curing.
  3883 | D:4      | 3883 ||| (to cure confusion)
  3902 | D:4      | 3902 ||| FLEEEEING.
  3903 | D:4      | 3903 ||| STAIRDANCE
  3914 | D:3      | Reached XP level 6. HP: 23/38 MP: 6/6
  4042 | D:4      | 4042 ||| STAIRDANCE
  4146 | D:4      | HP: 7/38 [iguana (11)]
  4147 | D:4      | 4147 ||| READING scroll of teleportation.
  4148 | D:4      | 4148 ||| DRINKING potion of heal wounds.
  4473 | D:4      | Found an ancient bone altar of Kikubaaqudgha.
  4674 | D:4      | HP: 8/38 [gnoll/+0 club (2)]
  4678 | D:4      | HP: 2/38 [gnoll/+0 spear (5)]
  4680 | D:4      | Slain by a gnoll

Levels and vault maps discovered:
D:1:      dpeg_arrival_water_temple_mockup, layout_loops_cross,
          chequers_ecumenical_altar_lobes, grunt_decor_one_mirror
D:2:      layout_basic, minmay_between
D:3:      layout_basic
D:4:      layout_loops_ring, mainiacjoe_overflow_chevrons,
          overflow_temple_1_default
D:5:      layout_basic, st_stairs_1, minmay_misc_feat_hallway

Skill      XL: |  1  2  3  4  5  6 |
---------------+-------------------+-----
Axes           | 2 3 4 5 |  5.4
Armour         | 1 |  1.1
Fighting       | 4 |  4.2
Dodging        | |  1.5
Stealth        | |  5.4

Action                   |  1- 3 |  4- 6 || total
-------------------------+-------+-------++-------
Melee: Hand axe          |   112 |   186 ||   298
       Punch             |     1 |     2 ||     3
  Use: Scroll            |     4 |     3 ||     7
       Potion            |     2 |     3 ||     5
 Stab: Sleeping          |     2 |       ||     2
Armor: Leather armour    |     8 |       ||     8
       Ring mail         |    35 |   108 ||   143
Dodge: Dodged            |    56 |   104 ||   160

Table legend:
 A = Non-vault XP
 B = Vault XP
 C = Vault XP percentage of total XP
 D = Non-vault monster count
 E = Vault monster count
 F = Vault count percentage of total count
                 A         B        C        D         E       F
            +---------+---------+-------+---------+---------+-------
      Total |     417 |      36 |   7.9 |      76 |       7 |   8.4
            +---------+---------+-------+---------+---------+-------
        D:1 |      41 |       0 |   0.0 |      15 |       0 |   0.0
        D:2 |      63 |      36 |  36.4 |      18 |       7 |  28.0
        D:3 |     129 |       0 |   0.0 |      20 |       0 |   0.0
        D:4 |     184 |       0 |   0.0 |      23 |       0 |   0.0
            +---------+---------+-------+---------+---------+-------
